Map: 2000 Atmospheres LE

Players

PtitDrogo

  • Race: Protoss Protoss

HeroMarine - Winner!

  • Race: Terran Terran

Event: DreamHack SC2 Masters 2021 Fall

VOD

Have the link to the VOD?

Description

Time

  • Played on: Aug. 5, 2021, 12:25 p.m.
  • Length: 10:29

All games in this series

Show
View Real Time Build Order
Export as new Build Order

PtitDrogo Protoss 

Build Orders: 1 Gate Expand, Blink Stalkers, Zealot Archon 

Get SALT Encoding   

  12  0:00  Probe  
  13  0:12  Probe  
  14  0:17  Pylon  
  14  0:24  Probe  
  15  0:34  Gateway  
  15  0:37  Probe (Chrono Boost)  
  16  0:46  Assimilator, Probe (Chrono Boost)  
  17  0:51  Probe (Chrono Boost)  
  18  1:03  Probe  
  19  1:15  Probe  
  20  1:22  Cybernetics Core  
  20  1:32  Nexus  
  20  1:39  Pylon  
  20  1:41  Probe  
  20  1:45  Assimilator  
  21  1:53  Probe  
  22  1:55  Adept (Chrono Boost)  
  22  1:59  Warp Gate  
  24  2:06  Probe  
  20  2:15  Stalker (Chrono Boost)  
  25  2:18  Probe  
  28  2:30  Probe  
  28  2:33  Twilight Council  
  30  2:45  Probe x2 (Chrono Boost)  
  30  2:48  Gateway  
  31  2:56  Stalker  
  31  2:57  Probe (Chrono Boost)  
  34  3:00  Probe (Chrono Boost)  
  34  3:05  Blink (Chrono Boost)  
  35  3:06  Probe  
  35  3:11  Probe  
  37  3:18  Probe  
  38  3:23  Probe  
  39  3:27  Robotics Facility  
  39  3:30  Probe  
  40  3:35  Probe  
  40  3:37  Pylon  
  41  3:42  Pylon, Probe  
  41  3:47  Stalker  
  45  3:50  Stalker  
  48  3:55  Probe x2  
  48  4:06  Nexus  
  48  4:07  Probe  
  49  4:11  Pylon  
  49  4:14  Stalker  
  49  4:16  Observer  
  52  4:20  Pylon  
  52  4:21  Stalker  
  52  4:23  Probe  
  55  4:24  Probe  
  55  4:29  Assimilator  
  56  4:31  Assimilator  
  56  4:35  Probe  
  56  4:36  Probe  
  56  4:37  Observer  
  59  4:47  Gateway  
  59  4:48  Gateway  
  59  4:49  Probe (Chrono Boost)  
  59  4:50  Probe (Chrono Boost)  
  61  4:59  Charge  
  63  5:00  Probe (Chrono Boost)  
  63  5:04  Probe (Chrono Boost)  
  63  5:05  Probe (Chrono Boost)  
  64  5:14  Probe (Chrono Boost)  
  65  5:15  Probe (Chrono Boost)  
  65  5:17  Templar Archives  
  65  5:19  Probe (Chrono Boost)  
  67  5:26  Probe (Chrono Boost)  
  70  5:28  Probe x2 (Chrono Boost)  
  70  5:29  Gateway  
  70  5:30  Gateway  
  70  5:31  Probe (Chrono Boost)  
  70  5:32  Shield Battery  
  70  5:33  Probe (Chrono Boost)  
  72  5:35  Psionic Storm  
  72  5:36  Probe  
  72  5:37  Gateway  
  72  5:38  Gateway  
  72  5:41  Probe  
  74  5:43  Pylon  
  74  5:45  Probe  
  74  5:48  Probe  
  76  5:53  Probe  
  76  5:55  High Templar  
  76  5:56  Zealot x2  
  83  5:59  High Templar  
  83  6:02  Pylon  
  85  6:09  Gateway x2  
  85  6:16  Warp Prism  
  85  6:17  High Templar  
  85  6:18  Zealot  
  91  6:20  Assimilator  
  91  6:22  Assimilator  
  89  6:39  Probe x2  
  91  6:42  High Templar, Zealot x6  
  105  6:50  Probe  
  105  6:52  Pylon  
  105  6:53  Pylon  
  106  6:54  Pylon  
  106  6:57  Sentry  
  108  7:02  Probe  
  108  7:04  Pylon  
  109  7:10  Pylon, Probe x2  
  109  7:19  High Templar x2  
  109  7:20  Zealot x3  
  109  7:21  Zealot  
  119  7:24  Archon  
  119  7:26  Zealot x2  
  119  7:29  Probe  
  100  7:38  Zealot x2  
  100  7:40  Probe  
  100  7:44  Zealot x4  
  96  7:57  Probe  
  77  7:59  Stalker  
  77  8:00  Stalker x5  
  77  8:01  Probe  
  75  8:15  Immortal (Chrono Boost)  
  75  8:17  Zealot x4  
  83  8:23  High Templar x3  
  83  8:24  High Templar  
  91  8:29  Archon x2, Zealot  
  91  8:30  Probe  
  91  8:31  Zealot  
  78  9:00  Zealot x8  
  86  9:05  Archon  
  86  9:09  Stalker x2  
  88  9:13  Observer  
  76  9:21  Zealot  
  76  9:22  Zealot x3  
  70  9:27  Stalker  
  68  9:31  High Templar x3  
  74  9:39  High Templar  
  76  9:46  Zealot x3  
  81  9:53  Observer  
  81  9:58  High Templar  
  81  9:59  High Templar  
  81  10:02  Archon  
  81  10:05  Zealot x4  
  74  10:23  Stalker x4  
Show
View Real Time Build Order
Export as new Build Order

HeroMarine Terran - Winner!

Build Orders: Reaper Expand 

Get SALT Encoding   

  12  0:00  SCV  
  13  0:12  SCV  
  14  0:17  Supply Depot  
  14  0:24  SCV  
  15  0:38  SCV  
  15  0:40  Barracks  
  16  0:42  Refinery  
  16  0:50  SCV  
  17  1:03  SCV  
  18  1:15  SCV  
  19  1:27  Reaper, Orbital Command  
  20  1:45  Command Center  
  20  1:50  Supply Depot  
  20  1:53  SCV  
  21  1:59  Marine  
  22  2:05  SCV  
  22  2:08  Factory  
  23  2:13  Refinery  
  23  2:17  Marine, SCV  
  25  2:29  Bunker, SCV  
  26  2:36  Barracks Reactor  
  26  2:41  SCV  
  27  2:53  SCV, Starport  
  27  2:54  Widow Mine  
  27  2:57  Orbital Command  
  30  3:05  SCV  
  31  3:13  Marine x2  
  31  3:16  Widow Mine  
  31  3:18  SCV  
  36  3:23  SCV  
  36  3:25  Supply Depot  
  37  3:29  Medivac  
  37  3:30  Marine  
  37  3:31  Marine, SCV  
  42  3:35  SCV  
  42  3:39  Factory Tech Lab  
  43  3:43  SCV  
  43  3:44  Refinery  
  43  3:47  SCV  
  45  3:48  Marine  
  45  3:49  Marine  
  45  3:55  Supply Depot, SCV  
  47  3:59  SCV, Siege Tank, Starport Tech Lab  
  52  4:06  Marine x2  
  54  4:10  Supply Depot  
  54  4:12  SCV  
  54  4:16  SCV  
  55  4:17  Barracks  
  55  4:20  Raven  
  57  4:24  SCV  
  57  4:28  SCV  
  57  4:30  Barracks  
  59  4:35  Siege Tank  
  62  4:38  Engineering Bay  
  62  4:39  SCV  
  62  4:40  SCV  
  62  4:42  Supply Depot  
  62  4:44  Marine x2  
  66  4:51  SCV  
  67  4:52  SCV  
  68  5:02  Marine x2  
  68  5:04  SCV  
  68  5:05  SCV  
  68  5:06  Supply Depot  
  72  5:09  Refinery, Terran Infantry Weapons Level 1  
  72  5:10  Stimpack  
  72  5:15  Marine, Siege Tank  
  72  5:20  Marine x2  
  78  5:23  Barracks Tech Lab  
  78  5:25  Supply Depot  
  78  5:27  SCV x2  
  80  5:29  Starport Reactor  
  80  5:34  Starport Reactor  
  80  5:35  Supply Depot  
  80  5:36  Marine  
  80  5:38  Marine x2  
  80  5:39  SCV x2  
  80  5:41  Marine, Combat Shield  
  86  5:48  Supply Depot  
  86  5:49  Siege Tank  
  89  5:53  Marine  
  90  5:59  Marine  
  90  6:00  Marine, Marauder  
  94  6:10  Medivac  
  94  6:11  Medivac  
  98  6:12  Marauder  
  98  6:18  Command Center  
  100  6:20  Marine  
  100  6:21  Marine, Marauder  
  102  6:33  Marauder  
  102  6:35  Barracks, Factory Reactor  
  102  6:36  Barracks  
  102  6:37  Marine  
  102  6:39  Marine  
  104  6:42  Medivac x2  
  104  6:43  Marauder  
  108  6:47  SCV x2  
  110  7:02  Marauder  
  110  7:03  SCV x2  
  110  7:04  Marauder  
  110  7:05  Supply Depot  
  115  7:19  SCV  
  116  7:23  Marauder  
  116  7:25  Marine, Barracks Reactor  
  116  7:26  Marine  
  116  7:27  Marauder x2  
  121  7:30  SCV  
  121  7:31  SCV  
  110  7:42  SCV  
  110  7:43  Marine, SCV  
  110  7:44  Marine, Marauder  
  104  7:49  Marauder x2  
  86  8:01  Marine x2  
  86  8:04  Marine x2  
  86  8:06  Marauder  
  86  8:07  Orbital Command  
  86  8:10  Medivac, Marauder x2  
  92  8:13  Medivac  
  92  8:19  Marine x2  
  93  8:21  SCV  
  93  8:24  SCV  
  95  8:30  Concussive Shells  
  95  8:33  SCV  
  96  8:35  SCV  
  96  8:36  SCV  
  96  8:42  Marine x2  
  96  8:45  SCV  
  96  8:47  SCV  
  91  8:48  SCV  
  91  8:53  Marauder  
  80  8:56  Marine  
  80  8:57  SCV  
  80  8:58  Marine, Marauder  
  80  8:59  SCV  
  80  9:00  SCV  
  87  9:09  SCV  
  85  9:11  SCV  
  85  9:12  SCV  
  85  9:15  Orbital Command  
  85  9:17  Marine x2, Marauder x2  
  85  9:21  Marine, SCV  
  85  9:22  Marine  
  85  9:23  Marauder  
  84  9:24  SCV  
  84  9:29  Widow Mine  
  82  9:33  SCV  
  82  9:35  Marine, Medivac x2  
  82  9:37  SCV  
  82  9:38  Marauder  
  91  9:42  SCV  
  94  9:45  SCV  
  94  9:46  Marauder  
  94  9:48  Marauder  
  94  9:49  Marine x2, SCV  
  94  9:51  Marine  
  101  9:54  SCV  
  101  9:56  Marine  
  103  10:02  Widow Mine x2  
  110  10:08  SCV x3, Armory  

Tags
 
Add a new tag
Caveats
  • Supply blocks, unpowered buildings, or Contaminate may cause inaccurate times.
  • Supply counts are checked every 10 seconds.